Unix NetHack Version 5.0.0-0 post-release - last build May 10 2026 23:12:36 (d1fa5d53e341ca933230fdaa984d921c805b60aa,branch:main).

Game began 2026-05-14 22:03:02, ended 2026-05-14 22:20:02.

BaeHund, lawful male dwarven Caveman

                                                         --------
                                 ---                     |..|.|.----
                                  ..-                   --......*..|
                                   ..                   |..........|
                                   ..-                  |..........---
                                    ..                  |....|.---*...
                                    -.--        ---     |....|.| ----.
                                    |..|        |.   ----.----.|
                                     -.----     |.-  |....|   .|
                                     |....----  |.|  |.----   .|
                                     ----....|  |.|  |.|      .-
                                        ----.---|.|  |.|      .
                                           |)..--.-- |.|     ..-
                                         ----......--|.|     ..
                                         |..|d.|....||.|     ..
                                         |...@.--...|-.|     ..
                                         --........--..|     ..
                                          --.......|...|     ..
                                           --........---    ---
                                            ----.|...|
                                               -------
BaeHund the Aborigine    St:18/01 Dx:13 Co:16 In:10 Wi:10 Ch:8  Lawful
Dlvl:9  $:195 HP:0(42) Pw:11(11) AC:-1 Xp:5 T:1905 

Latest messages:
 You are freezing to death!
 You hit the ice vortex.
 You destroy the ice vortex!
 You hit the wolf.
 The wolf bites!
 You hit the wolf.
 The wolf bites!
 You hit the wolf.
 The wolf bites!
 You miss the wolf.
 The wolf just misses!
 You hit the wolf.
 The wolf bites!
 You miss the wolf.
 The wolf just misses!
 You hit the wolf.
 The wolf bites!
 You kill the wolf!
 You see here a wolf corpse.
 There is a wolf corpse here; eat it? [ynq] (n) y
 Blecch!  Rotten food!
 You finish eating the wolf corpse.
 You see here a scroll labeled TEMOV.
 z - a scroll labeled TEMOV.
 You see here a dagger.
 Pick a monster, object or location.
 Pick a monster, object or location.
 b - a +2 sling (weapon in right hand).
 v - a blessed lamp (alternate weapon; not wielded).
 In what direction? k
 The flint stone misses the wolf.
 The wolf bites!
 What do you want to wield? [- ab or ?*] a
 a - a +1 club (weapon in right hand).
 The wolf bites!
 You miss the wolf.
 The wolf misses!
 You hit the wolf!
 The wolf bites!
 You miss the wolf.
 The wolf misses!
 You hit the wolf!
 The wolf bites!
 You miss the wolf.
 The wolf bites!
 You miss the wolf.
 The wolf bites!
 You die...
 Do you want your possessions identified? [ynq] (y) y
 Do you want to see your attributes? [ynq] (y) q

Inventory:
 Coins    ('$')
  $ - 195 gold pieces
 Amulets  ('"')
  x - an uncursed amulet of flying
 Weapons  (')')
  b - a +2 sling
  a - a +1 club (weapon in right hand)
 Armor    ('[')
  s - an uncursed +0 orcish helm (being worn)
  h - an uncursed +0 shield of shock resistance (being worn)
  w - a blessed rotproof +0 gray dragon scale mail (being worn)
 Comestibles  ('%')
  p - 2 uncursed food rations
  g - an uncursed pancake
 Scrolls  ('?')
  z - a cursed scroll of charging
  q - a cursed scroll of destroy armor
  u - an uncursed scroll of light
  n - an uncursed scroll of teleportation
 Potions  ('!')
  o - a cursed potion of levitation
  t - an uncursed potion of paralysis
 Tools    ('(')
  r - a can of grease (0:14)
  v - a blessed oil lamp (alternate weapon; not wielded)
  e - an uncursed skeleton key
  m - an uncursed tin whistle
 Gems/Stones  ('*')
  c - 19 uncursed flint stones (in quiver pouch)

BaeHund the Caveman's attributes:

Background:
 You were an Aborigine, a level 5 dwarven Caveman.
 You were lawful, on a mission for Anu
 who was opposed by Ishtar (neutral) and Anshar (chaotic).
 You were right-handed.
 You were in the Gnomish Mines, on level 9.
 You entered the dungeon 1905 turns ago.
 It was nighttime.
 You had 242 experience points, 78 more were needed to attain level 6.

Basics:
 You had 0 out of 42 hit points.
 You had all 11 energy points (spell power).
 Your armor class was -1.
 Your wallet contained 195 zorkmids.
 Autopickup was off.

Final Characteristics:
 Your strength was 18/01 (limit:18/100).
 Your dexterity was 13 (limit:20).
 Your constitution was 16 (limit:20).
 Your intelligence was 10 (limit:16).
 Your wisdom was 10 (limit:16).
 Your charisma was 8 (limit:16).

Final Status:
 You weren't hungry.
 You were unencumbered.
 You were wielding a club.
 You had basic skill with club.

Final Attributes:
 You were devoutly aligned.
 You were magic-protected.
 You were shock resistant.
 Your items were protected from electric shocks.
 You had infravision.
 You are dead.

Miscellaneous:
 You didn't encounter any bones levels.
 Total elapsed playing time was 16 minutes and 56 seconds.

Major events:
 Turn
    1: BaeHund the lawful dwarven Caveman entered the dungeon
  457: entered the Gnomish Mines
  933: attained the rank of Aborigine (level 3)
 1324: reached Mine Town
 1497: made his first wish - "blessed fixed +3 grey dragon scale mail", got "a gray dragon scale mail"
 1905: killed by a wolf

You didn't know any spells.

Skills:
 Fighting Skills
   bare handed combat [Basic]
 Weapon Skills
   dagger             [Unskilled]
   knife              [Unskilled]
   axe                [Unskilled]
   pick-axe           [Unskilled]
   club               [Basic]
   mace               [Unskilled]
   morning star       [Unskilled]
   flail              [Unskilled]
   hammer             [Unskilled]
   quarterstaff       [Unskilled]
   polearms           [Unskilled]
   spear              [Unskilled]
   trident            [Unskilled]
   bow                [Unskilled]
   sling              [Basic]
   boomerang          [Unskilled]
   unicorn horn       [Unskilled]
 Spellcasting Skills
   attack spells      [Unskilled]
   matter spells      [Unskilled]

Voluntary challenges:
 Character rerolling was not enabled.
 You never genocided any monsters.
 You never polymorphed an object.
 You never changed form.
 You used 1 wish.
 You did not wish for any artifacts.
Achievements:
 You entered the Gnomish Mines.
 You attained the rank of Aborigine.
 You entered Minetown.
 You entered a shop.
 You entered a temple.

 The Dungeons of Doom: levels 1 to 2
    Level 1:
       A fountain.
    Level 2:
       A fountain.
       Stairs down to The Gnomish Mines.
 The Gnomish Mines: levels 3 to 9
    Level 3:
    Level 4:
    Level 5:
    Level 6:
       Many shops, a temple and an altar, some fountains.
    Level 7:
    Level 9: <- You were here.
       Final resting place for
          you, killed by a wolf.


Vanquished creatures:
  a wolf
 an ice vortex
  a raven
  a bugbear
 an orc shaman
  a gnome leader
  a kobold mummy
  2 elf zombies
  a little dog
  a homunculus
  2 hill orcs
  a giant bat
 an iguana
  5 gnomes
  2 geckos
  4 jackals
  2 foxes
  a goblin
  3 grid bugs
  2 newts
34 creatures vanquished.

No species were genocided or became extinct.

Game over:
                       ----------
                      /          \
                     /    REST    \
                    /      IN      \
                   /     PEACE      \
                  /                  \
                  |     BaeHund      |
                  |      195 Au      |
                  | killed by a wolf |
                  |                  |
                  |                  |
                  |                  |
                  |       2026       |
                 *|     *  *  *      | *
        _________)/\\_//(\/(/\)/\//\/|_)_______

Goodbye BaeHund the Caveman...

You died in The Gnomish Mines on dungeon level 9 with 1554 points,
and 195 pieces of gold, after 1905 moves.
You were level 5 with a maximum of 42 hit points when you died.

